[ AOE2 MATCH · #506039948 ]
UnrankedTupi vs Britons
Player's team · LOSS
[ REPLAY ANALYSIS · EXTRACTED FROM THE RECORDED GAME ]
Feudal
15:14
Castle
25:55
Imperial
—
| APM avg | 44.1 |
| APM peak | 91 |
| eAPM avg | 21.6 |
| Villagers / military | 57 / 7 |
Focus
⚔️ 25.3% · 🌾 74.7%
Unknown (2579) ×17 · Skirmisher ×4 · Mangonel ×2 · Scorpion ×1
Feudal
9:15
Castle
24:09
Imperial
—
| APM avg | 33.4 |
| APM peak | 66 |
| eAPM avg | 18.8 |
| Villagers / military | 83 / 22 |
Focus
⚔️ 38.6% · 🌾 61.4%
Skirmisher ×8 · Archer ×6 · Battering Ram ×4 · Knight ×3 · Mangonel ×1
Match map
Initial resources + every placement click. Lines = walls · curves = elevation contours. ◆ gold · ⬟ stone · ● berries · ✦ relic · ◌ wall gap
Your base· Open — unwalled flank
DSLG | Genghis Khan!!!'s base· Open — 8t gap
Smoothed initial terrain · ◌ = detected wall gap · hover for details
Inputs per minute
— TE MS MOE - - DSLG | Genghis Khan!!!
Build order — TE MS MOE
146 actions detected in the replay
| 0:00 | Create | Villager (Male) |
| 0:02 | Build | House |
| 0:03 | Build | House |
| 0:13 | Create | Villager (Male) |
| 0:17 | Create | Villager (Male) |
| 0:18 | Create | Villager (Male) |
| 0:59 | Create | Villager (Male) |
| 0:59 | Create | Villager (Male) |
| 1:40 | Create | Villager (Male) |
| 1:40 | Create | Villager (Male) |
| 2:04 | Create | Villager (Male) |
| 2:13 | Build | Settlement |
| 2:20 | Create | Villager (Male) |
| 2:20 | Create | Villager (Male) |
| 3:25 | Create | Villager (Male) |
| 3:25 | Create | Villager (Male) |
| 3:25 | Create | Villager (Male) |
| 3:45 | Create | Villager (Male) |
| 3:45 | Create | Villager (Male) |
| 3:45 | Create | Villager (Male) |
| 3:46 | Create | Villager (Male) |
| 4:23 | Research | Loom |
| 5:14 | Create | Villager (Male) |
| 5:27 | Create | Villager (Male) |
| 5:31 | Create | Villager (Male) |
| 5:31 | Create | Villager (Male) |
| 5:31 | Create | Villager (Male) |
| 5:31 | Create | Villager (Male) |
| 5:31 | Create | Villager (Male) |
| 5:32 | Create | Villager (Male) |
| 6:48 | Build | House |
| 7:23 | Build | Town Center |
| 8:03 | Create | Villager (Male) |
| 8:03 | Create | Villager (Male) |
| 8:03 | Create | Villager (Male) |
| 8:03 | Create | Villager (Male) |
| 8:14 | Build | Palisade Wall |
| 8:48 | Build | Palisade Wall |
| 8:54 | Build | Palisade Wall |
| 8:57 | Create | Villager (Male) |
| 9:11 | Create | Villager (Male) |
| 9:11 | Create | Villager (Male) |
| 9:19 | Build | House |
| 9:24 | Create | Villager (Male) |
| 9:24 | Create | Villager (Male) |
| 9:37 | Create | Villager (Male) |
| 9:37 | Create | Villager (Male) |
| 10:06 | Create | Villager (Male) |
| 10:06 | Create | Villager (Male) |
| 10:28 | Create | Villager (Male) |
| 10:28 | Create | Villager (Male) |
| 10:52 | Build | House |
| 11:00 | Create | Villager (Male) |
| 11:40 | Create | Villager (Male) |
| 12:15 | Build | Palisade Wall |
| 12:37 | Create | Villager (Male) |
| 13:04 | Research | Feudal Age |
| 13:05 | Research | Feudal Age |
| 13:14 | Build | Settlement |
| 13:22 | Build | Outpost |
| 14:22 | Build | Outpost |
| 15:06 | Build | Palisade Wall |
| 15:14 | Age | Feudal Age |
| 15:20 | Build | Watch Tower |
| 15:24 | Create | Villager (Male) |
| 15:26 | Research | Town Watch |
| 15:26 | Research | Town Watch |
| 15:36 | Build | Barracks |
| 15:37 | Create | Villager (Male) |
| 16:38 | Build | Archery Range |
| 16:58 | Create | Villager (Male) |
| 17:20 | Create | Skirmisher |
| 17:20 | Create | Skirmisher |
| 17:22 | Create | Villager (Male) |
| 17:47 | Build | Watch Tower |
| 18:31 | Create | Villager (Male) |
| 19:04 | Build | Settlement |
| 19:33 | Create | Villager (Male) |
| 19:55 | Create | Skirmisher |
| 20:08 | Build | Blacksmith |
| 20:13 | Create | Villager (Male) |
| 20:16 | Create | Skirmisher |
| 20:41 | Build | Watch Tower |
| 20:58 | Build | Market |
| 21:51 | Build | Watch Tower |
| 22:05 | Create | Villager (Male) |
| 22:38 | Build | Palisade Wall |
| 22:38 | Build | Palisade Wall |
| 22:38 | Build | Palisade Wall |
| 22:39 | Build | Palisade Wall |
| 22:42 | Build | Palisade Wall |
| 23:15 | Research | Castle Age |
| 23:15 | Research | Castle Age |
| 23:48 | Build | Farm |
| 24:30 | Build | Farm |
| 24:34 | Build | Farm |
| 24:36 | Build | Farm |
| 24:51 | Research | Fletching |
| 24:51 | Research | Fletching |
| 25:55 | Age | Castle Age |
| 25:57 | Build | Castle |
| 26:34 | Create | Villager (Male) |
| 26:35 | Create | Villager (Male) |
| 26:49 | Build | Settlement |
| 26:53 | Create | Unit 2579 |
| 26:53 | Create | Unit 2579 |
| 26:54 | Create | Unit 2579 |
| 26:55 | Research | Double-Bit Axe |
| 27:04 | Create | Unit 2579 |
| 27:04 | Create | Unit 2579 |
| 27:34 | Create | Unit 2579 |
| 27:34 | Create | Unit 2579 |
| 27:48 | Build | Siege Workshop |
| 28:11 | Build | Watch Tower |
| 28:23 | Create | Mangonel |
| 28:28 | Create | Villager (Male) |
| 28:33 | Build | Farm |
| 28:39 | Create | Unit 2579 |
| 28:39 | Create | Unit 2579 |
| 29:10 | Create | Scorpion |
| 29:22 | Create | Unit 2579 |
| 29:30 | Create | Villager (Male) |
| 29:38 | Build | Farm |
| 29:54 | Build | University |
| 29:58 | Create | Unit 2579 |
| 29:58 | Create | Unit 2579 |
| 31:11 | Research | Ballistics |
| 31:12 | Research | Ballistics |
| 31:17 | Create | Unit 2579 |
| 31:17 | Create | Unit 2579 |
| 32:10 | Research | Bodkin Arrow |
| 32:11 | Research | Bodkin Arrow |
| 32:17 | Create | Villager (Male) |
| 32:20 | Create | Unit 2579 |
| 33:00 | Create | Unit 2579 |
| 33:00 | Create | Unit 2579 |
| 33:15 | Build | Town Center |
| 33:19 | Build | Farm |
| 33:19 | Build | Farm |
| 33:19 | Build | Farm |
| 33:20 | Build | Farm |
| 33:20 | Build | Farm |
| 33:20 | Build | Farm |
| 33:42 | Build | Farm |
| 34:10 | Research | Padded Archer Armor |
| 34:20 | Create | Mangonel |
Build order — DSLG | Genghis Khan!!!
First 150 of 216 actions detected
| 0:00 | Create | Villager (Male) |
| 0:01 | Create | Villager (Male) |
| 0:01 | Create | Villager (Male) |
| 0:02 | Build | House |
| 0:04 | Build | House |
| 0:07 | Create | Villager (Male) |
| 1:24 | Create | Villager (Male) |
| 1:24 | Create | Villager (Male) |
| 1:30 | Build | Lumber Camp |
| 1:42 | Create | Villager (Male) |
| 2:07 | Create | Villager (Male) |
| 2:34 | Create | Villager (Male) |
| 2:48 | Create | Villager (Male) |
| 3:21 | Create | Villager (Male) |
| 3:28 | Build | House |
| 3:53 | Build | House |
| 3:57 | Create | Villager (Male) |
| 3:57 | Create | Villager (Male) |
| 4:29 | Create | Villager (Male) |
| 5:14 | Create | Villager (Male) |
| 5:14 | Create | Villager (Male) |
| 5:14 | Create | Villager (Male) |
| 5:14 | Create | Villager (Male) |
| 5:34 | Build | Barracks |
| 5:38 | Create | Villager (Male) |
| 5:56 | Build | House |
| 6:08 | Build | House |
| 6:21 | Research | Loom |
| 6:57 | Research | Feudal Age |
| 7:10 | Create | Villager (Male) |
| 7:17 | Create | Villager (Male) |
| 7:22 | Create | Villager (Male) |
| 7:49 | Create | Villager (Male) |
| 7:50 | Create | Villager (Male) |
| 7:58 | Create | Villager (Male) |
| 8:41 | Create | Villager (Male) |
| 9:15 | Age | Feudal Age |
| 9:19 | Create | Villager (Male) |
| 9:36 | Research | Double-Bit Axe |
| 9:43 | Build | Mill |
| 9:54 | Create | Villager (Male) |
| 10:08 | Build | Town Center |
| 10:17 | Build | Palisade Gate |
| 10:22 | Build | Palisade Gate |
| 10:29 | Build | House |
| 10:33 | Build | House |
| 10:38 | Build | Palisade Wall |
| 10:39 | Build | Palisade Wall |
| 10:40 | Build | Palisade Wall |
| 10:58 | Research | Wheelbarrow |
| 11:04 | Build | Palisade Wall |
| 11:05 | Build | Palisade Wall |
| 11:09 | Build | Palisade Wall |
| 11:25 | Build | Palisade Wall |
| 11:32 | Create | Villager (Male) |
| 11:40 | Create | Villager (Male) |
| 11:40 | Create | Villager (Male) |
| 11:40 | Create | Villager (Male) |
| 11:46 | Create | Villager (Male) |
| 11:51 | Build | Archery Range |
| 11:52 | Create | Villager (Male) |
| 12:07 | Build | House |
| 12:09 | Create | Villager (Male) |
| 12:09 | Create | Villager (Male) |
| 12:20 | Build | Lumber Camp |
| 12:46 | Build | Farm |
| 12:49 | Create | Archer |
| 13:05 | Build | Farm |
| 13:09 | Create | Villager (Male) |
| 13:23 | Build | Farm |
| 13:24 | Create | Archer |
| 13:29 | Build | Farm |
| 13:49 | Build | Farm |
| 13:51 | Build | Farm |
| 14:11 | Create | Archer |
| 14:13 | Create | Villager (Male) |
| 14:20 | Build | Farm |
| 14:24 | Create | Villager (Male) |
| 14:24 | Create | Villager (Male) |
| 14:36 | Create | Archer |
| 14:48 | Create | Archer |
| 14:52 | Create | Villager (Male) |
| 14:57 | Build | Farm |
| 15:17 | Create | Villager (Male) |
| 15:24 | Create | Archer |
| 15:31 | Build | Farm |
| 15:37 | Create | Villager (Male) |
| 15:37 | Create | Villager (Male) |
| 15:51 | Build | House |
| 16:24 | Build | Lumber Camp |
| 16:43 | Create | Skirmisher |
| 16:46 | Create | Villager (Male) |
| 17:05 | Create | Skirmisher |
| 17:09 | Create | Villager (Male) |
| 17:12 | Create | Villager (Male) |
| 17:14 | Build | House |
| 17:15 | Build | House |
| 17:32 | Create | Villager (Male) |
| 17:40 | Create | Skirmisher |
| 18:10 | Build | Blacksmith |
| 18:16 | Build | House |
| 18:16 | Create | Villager (Male) |
| 18:22 | Create | Skirmisher |
| 18:24 | Create | Villager (Male) |
| 18:27 | Build | House |
| 18:34 | Research | Town Watch |
| 18:35 | Create | Villager (Male) |
| 18:40 | Build | House |
| 18:42 | Build | House |
| 19:00 | Build | House |
| 19:13 | Create | Villager (Male) |
| 19:38 | Create | Villager (Male) |
| 19:46 | Build | Market |
| 19:49 | Build | Farm |
| 19:50 | Build | Farm |
| 19:51 | Create | Villager (Male) |
| 19:59 | Research | Padded Archer Armor |
| 20:01 | Create | Skirmisher |
| 20:07 | Create | Villager (Male) |
| 20:07 | Create | Villager (Male) |
| 20:13 | Build | Farm |
| 20:16 | Create | Villager (Male) |
| 21:00 | Build | Farm |
| 21:14 | Build | Farm |
| 21:28 | Research | Castle Age |
| 21:35 | Build | Mining Camp |
| 21:52 | Create | Skirmisher |
| 21:53 | Create | Skirmisher |
| 22:12 | Build | Lumber Camp |
| 22:35 | Research | Fletching |
| 22:59 | Create | Skirmisher |
| 23:18 | Research | Wheelbarrow |
| 23:26 | Research | Scale Barding Armor |
| 23:55 | Build | Farm |
| 23:57 | Build | Farm |
| 23:58 | Create | Villager (Male) |
| 24:09 | Age | Castle Age |
| 24:11 | Build | House |
| 24:13 | Build | Stable |
| 24:16 | Build | Farm |
| 24:17 | Create | Villager (Male) |
| 24:27 | Research | Bow Saw |
| 24:43 | Research | Bodkin Arrow |
| 24:58 | Create | Villager (Male) |
| 24:59 | Build | Farm |
| 25:01 | Build | Farm |
| 25:17 | Create | Villager (Male) |
| 25:48 | Build | Stable |
| 25:50 | Build | Farm |
| 26:05 | Build | Castle |
Match timeline
| 5:34 | DSLG | Genghis Khan!!! · first_building Barracks |
| 8:14 | TE MS MOE · wall_segment Palisade Wall x1 |
| 8:48 | TE MS MOE · wall_segment Palisade Wall x2 |
| 8:54 | TE MS MOE · wall_segment Palisade Wall x1 |
| 9:15 | DSLG | Genghis Khan!!! · age_up feudal |
| 10:38 | DSLG | Genghis Khan!!! · wall_segment Palisade Wall x1 |
| 10:39 | DSLG | Genghis Khan!!! · wall_segment Palisade Wall x1 |
| 10:40 | DSLG | Genghis Khan!!! · wall_segment Palisade Wall x1 |
| 11:04 | DSLG | Genghis Khan!!! · wall_segment Palisade Wall x1 |
| 11:05 | DSLG | Genghis Khan!!! · wall_segment Palisade Wall x1 |
| 11:09 | DSLG | Genghis Khan!!! · wall_segment Palisade Wall x1 |
| 11:25 | DSLG | Genghis Khan!!! · wall_segment Palisade Wall x1 |
| 11:51 | DSLG | Genghis Khan!!! · first_building Archery Range |
| 12:15 | TE MS MOE · wall_segment Palisade Wall x1 |
| 15:06 | TE MS MOE · wall_segment Palisade Wall x3 |
| 15:14 | TE MS MOE · age_up feudal |
| 15:36 | TE MS MOE · first_building Barracks |
| 16:38 | TE MS MOE · first_building Archery Range |
| 21:03 | DSLG | Genghis Khan!!! · first_market_buy 100 food |
| 21:55 | TE MS MOE · first_market_buy 100 food |
| 22:13 | TE MS MOE · first_market_sell 100 wood |
| 22:38 | TE MS MOE · wall_segment Palisade Wall x1 |
| 22:38 | TE MS MOE · wall_segment Palisade Wall x2 |
| 22:38 | TE MS MOE · wall_segment Palisade Wall x1 |
| 22:39 | TE MS MOE · wall_segment Palisade Wall x1 |
| 22:42 | TE MS MOE · wall_segment Palisade Wall x1 |
| 24:09 | DSLG | Genghis Khan!!! · age_up castle |
| 24:13 | DSLG | Genghis Khan!!! · first_building Stable |
| 25:55 | TE MS MOE · age_up castle |
| 25:57 | TE MS MOE · first_building Castle |
| 26:05 | DSLG | Genghis Khan!!! · first_building Castle |
| 26:17 | DSLG | Genghis Khan!!! · first_market_sell 100 food |
| 26:19 | DSLG | Genghis Khan!!! · first_building Siege Workshop |
| 27:48 | TE MS MOE · first_building Siege Workshop |
| 31:39 | DSLG | Genghis Khan!!! · wall_segment Stone Wall x1 |
| 31:43 | DSLG | Genghis Khan!!! · wall_segment Stone Wall x1 |
| 35:20 | TE MS MOE · resign |
[ AI ANALYSIS · 1 CREDIT ]
What really happened in this match?
Wolo.gg analyzes every decision: build order, eco, micro, common mistakes by bracket. Personalized analysis on WhatsApp or Discord in 30 seconds.
Civ guide
Tupi
Perfil
Jugador #22749910